Map: Ley Lines

Players

BabyMarine

  • Race: Terran Terran
  • Spawn Location: 1:00

Serral - Winner!

  • Race: Zerg Zerg
  • League: Master
  • Spawn Location: 7:00

Event: HomeStory Cup XXVI

VOD

Have the link to the VOD?

Description

Time

  • Played on: Nov. 30, 2024, 2:28 p.m.
  • Length: 12:51

All games in this series

Show
View Real Time Build Order
Export as new Build Order

BabyMarine Terran 

Build Orders: Reaper Expand, Hellion Banshee 

Get SALT Encoding   

  12  0:00  SCV  
  13  0:12  SCV  
  14  0:17  Supply Depot  
  14  0:24  SCV  
  15  0:38  SCV  
  15  0:40  Barracks  
  16  0:44  Refinery  
  16  0:50  SCV  
  17  1:02  SCV  
  18  1:14  SCV  
  19  1:27  Reaper, Orbital Command  
  20  1:38  Command Center  
  20  1:46  Supply Depot  
  20  1:53  SCV  
  21  1:59  Marine  
  22  2:05  SCV  
  23  2:10  Factory  
  23  2:17  SCV  
  23  2:21  Barracks Reactor  
  24  2:29  SCV  
  25  2:38  Command Center  
  25  2:45  SCV  
  25  2:51  Orbital Command  
  26  2:58  Starport  
  26  3:02  SCV  
  26  3:04  Refinery  
  27  3:07  Hellion  
  27  3:11  Hellion  
  31  3:14  SCV  
  31  3:16  Barracks Tech Lab  
  31  3:18  SCV  
  33  3:26  SCV  
  34  3:28  Hellion  
  34  3:32  SCV, Hellion  
  39  3:39  SCV  
  39  3:40  Banshee  
  43  3:44  SCV  
  44  3:51  SCV  
  44  3:56  SCV  
  45  4:03  SCV  
  45  4:04  Hellion x2, Cloaking Field  
  45  4:07  Orbital Command  
  50  4:12  Marine  
  50  4:13  SCV  
  50  4:15  SCV  
  53  4:18  Supply Depot  
  53  4:23  Banshee  
  56  4:26  SCV  
  56  4:27  SCV  
  56  4:30  Barracks  
  58  4:38  SCV  
  59  4:39  SCV  
  59  4:40  SCV  
  59  4:45  Factory Reactor  
  61  4:46  Supply Depot  
  61  4:47  Barracks Tech Lab  
  61  4:50  SCV  
  61  4:51  Barracks, SCV  
  61  4:52  SCV  
  64  5:02  SCV  
  64  5:03  SCV  
  64  5:04  Supply Depot  
  67  5:09  Orbital Command  
  67  5:10  Stimpack  
  66  5:14  SCV  
  66  5:15  SCV  
  66  5:17  Supply Depot  
  66  5:18  Marine, Refinery, Engineering Bay x2  
  66  5:19  Marine x2  
  66  5:20  Refinery  
  71  5:26  SCV  
  71  5:27  SCV  
  73  5:33  Starport Reactor  
  73  5:36  Marine  
  73  5:37  Marine x2  
  64  5:44  Siege Tank  
  64  5:45  SCV x2  
  64  5:48  Barracks  
  64  5:49  Barracks  
  68  5:50  Terran Infantry Weapons Level 1  
  68  5:53  Marine x2  
  68  5:54  Marine x2  
  68  5:56  SCV  
  73  5:57  SCV  
  73  5:59  Marine  
  75  6:05  SCV  
  75  6:06  Supply Depot  
  75  6:08  Terran Infantry Armor Level 1  
  75  6:09  SCV  
  75  6:10  Marine  
  78  6:14  Supply Depot  
  78  6:18  Medivac  
  78  6:20  Medivac  
  78  6:23  Supply Depot, SCV x3  
  78  6:24  Marine x3  
  88  6:30  Siege Tank  
  88  6:31  Supply Depot  
  88  6:32  Marine  
  92  6:35  SCV x2, Barracks Reactor  
  92  6:39  SCV  
  95  6:41  Barracks Reactor  
  95  6:46  Refinery, Marine x2  
  97  6:47  SCV x2  
  98  6:55  Command Center  
  98  6:58  Marine x3  
  98  6:59  Armory  
  98  7:00  Factory  
  101  7:01  Supply Depot  
  101  7:06  Marine x2  
  101  7:07  Siege Tank  
  106  7:14  Marine  
  106  7:15  Marine  
  108  7:16  Marine  
  108  7:18  SCV x2  
  108  7:19  Marine  
  108  7:20  Marine x3  
  114  7:24  Marine  
  114  7:25  Medivac x2  
  119  7:30  Marine  
  119  7:32  Marine x2  
  119  7:33  Marine  
  119  7:34  Barracks x2  
  119  7:35  Barracks  
  122  7:37  Supply Depot  
  122  7:38  Marine x3  
  122  7:39  Marine  
  122  7:42  Marine  
  122  7:43  Siege Tank  
  130  7:44  Factory Tech Lab  
  130  7:46  Supply Depot  
  130  7:49  Terran Infantry Weapons Level 2  
  130  7:52  Marine x2  
  130  7:53  Marine  
  133  7:58  Marine  
  133  8:01  Marine x4  
  133  8:03  Marauder  
  140  8:06  SCV  
  140  8:07  SCV  
  140  8:10  Marine x3  
  145  8:14  Siege Tank  
  145  8:16  Combat Shield  
  145  8:17  Siege Tank  
  145  8:19  Marine x2  
  149  8:20  Marine x3  
  149  8:22  SCV  
  149  8:23  Marine  
  155  8:28  Marine x3  
  155  8:33  SCV  
  149  8:36  Medivac x2  
  149  8:37  Marine x4  
  149  8:38  SCV  
  158  8:44  Marine x2  
  158  8:46  Marine, SCV  
  152  8:49  Marine x2  
  152  8:50  Siege Tank x2  
  152  8:55  Marine x2  
  160  8:56  Planetary Fortress  
  161  9:07  Marine x3  
  164  9:14  Marine x3  
  164  9:15  Barracks Tech Lab x2  
  164  9:16  Barracks Tech Lab  
  164  9:18  Supply Depot  
  164  9:19  Supply Depot  
  164  9:22  Marine  
  164  9:23  Marine x2  
  160  9:24  Marine, Siege Tank  
  160  9:27  Marine x2, SCV  
  160  9:33  Marauder, Command Center  
  160  9:34  Sensor Tower  
  162  9:40  Liberator  
  162  9:43  Terran Infantry Armor Level 2  
  162  9:45  Marauder x3  
  171  9:50  Marine x2  
  171  9:51  Marine x3  
  176  9:54  Marauder  
  176  9:57  Marine x2  
  176  9:59  Marine  
  177  10:06  Marauder  
  174  10:11  Supply Depot  
  174  10:12  Supply Depot x2  
  173  10:18  Supply Depot x2  
  170  10:24  Ghost Academy  
  167  10:33  Marine x3  
  167  10:34  Marauder  
  172  10:40  Marauder x3, Marine, SCV x4  
  173  11:04  Ghost x2  
  151  11:10  SCV x2  
  145  11:14  Siege Tank x2  
  145  11:17  SCV, Unknown  
  149  11:21  Orbital Command, Marine x2  
  149  11:22  Marauder, Marine, SCV  
  149  11:24  Supply Depot, SCV  
  157  11:29  SCV  
  157  11:32  Marine x2  
  159  11:33  Marauder x2, Marine x2  
  159  11:36  SCV  
  152  11:41  Ghost  
  152  11:42  Ghost  
  152  11:43  SCV  
  152  11:45  SCV  
  153  11:48  SCV  
  153  11:53  Marine x2  
  153  11:54  Ghost  
  148  11:59  SCV x2  
  148  12:02  Ghost  
  148  12:03  Marine x2  
  151  12:09  SCV x2  
  151  12:14  SCV  
  151  12:15  SCV  
  153  12:21  SCV x2  
  153  12:28  Missile Turret  
  153  12:34  SCV  
  153  12:35  Factory Reactor  
  161  12:39  SCV  
Show
View Real Time Build Order
Export as new Build Order

Serral Zerg - Winner!

Build Orders: Hatch First 

Get SALT Encoding   

  12  0:00  Drone  
  13  0:12  Overlord  
  13  0:16  Drone  
  14  0:30  Drone x2  
  16  0:46  Hatchery  
  16  0:49  Drone  
  16  0:52  Drone  
  16  0:56  Drone  
  18  1:06  Extractor  
  17  1:11  Spawning Pool  
  17  1:14  Drone  
  17  1:18  Drone  
  18  1:28  Drone  
  19  1:38  Drone  
  20  1:49  Drone  
  21  1:57  Queen x2  
  21  1:59  Zergling x4  
  27  2:10  Overlord  
  27  2:11  Metabolic Boost, Drone  
  28  2:29  Hatchery  
  27  2:31  Drone  
  27  2:32  Drone  
  27  2:35  Drone  
  30  2:38  Drone  
  30  2:45  Queen  
  30  2:50  Overlord  
  32  2:53  Drone  
  32  2:56  Drone  
  34  3:00  Drone  
  35  3:06  Overlord  
  35  3:09  Drone  
  35  3:10  Drone x3  
  39  3:13  Drone  
  39  3:18  Drone  
  41  3:22  Queen  
  43  3:27  Queen  
  43  3:29  Drone  
  43  3:31  Drone  
  47  3:42  Drone x3, Zergling x4  
  47  3:46  Queen  
  54  3:51  Overlord  
  54  3:53  Drone x2  
  57  3:55  Drone  
  57  3:58  Drone  
  57  4:00  Overlord  
  57  4:08  Overlord  
  57  4:10  Zergling x2, Roach Warren  
  57  4:16  Zergling x2  
  57  4:17  Zergling x4  
  60  4:19  Drone x4  
  64  4:24  Overlord  
  64  4:30  Zergling x2  
  65  4:32  Drone  
  65  4:33  Drone  
  65  4:34  Lair  
  65  4:35  Drone x3  
  69  4:40  Zergling x4  
  69  4:44  Overlord  
  69  4:45  Drone x3  
  74  4:56  Zergling x2, Extractor, Overlord  
  74  4:57  Drone  
  74  4:58  Spore Crawler  
  74  4:59  Spore Crawler  
  73  5:02  Drone x2  
  73  5:05  Spore Crawler  
  74  5:08  Zergling x2  
  74  5:09  Zergling x2  
  74  5:10  Drone x5  
  81  5:16  Drone  
  81  5:17  Drone x3, Hatchery  
  81  5:18  Drone  
  85  5:23  Extractor  
  85  5:24  Overlord  
  85  5:28  Drone x2  
  86  5:31  Extractor  
  86  5:32  Extractor  
  81  5:39  Drone x5  
  81  5:42  Evolution Chamber x2  
  77  5:43  Overseer  
  77  5:45  Drone x5  
  77  5:49  Drone  
  81  5:50  Drone x2  
  81  5:53  Drone  
  81  5:56  Drone x2  
  86  5:57  Extractor  
  86  6:04  Glial Reconstitution  
  85  6:06  Drone  
  85  6:07  Drone x2  
  85  6:09  Zerg Missile Weapons Level 1  
  85  6:10  Zerg Ground Armor Level 1  
  88  6:14  Drone  
  88  6:16  Drone x3  
  88  6:17  Drone x3, Infestation Pit  
  88  6:18  Overlord  
  94  6:21  Drone x3  
  97  6:25  Overlord  
  97  6:30  Drone x3  
  97  6:31  Queen  
  102  6:36  Baneling Nest, Roach  
  102  6:38  Roach  
  105  6:42  Drone  
  105  6:48  Roach x5  
  105  6:51  Overlord x2  
  105  6:52  Extractor  
  113  6:56  Hive  
  113  6:57  Roach x4  
  113  6:59  Overseer  
  121  7:02  Overlord  
  121  7:06  Spore Crawler  
  121  7:07  Hatchery  
  123  7:08  Roach x2  
  123  7:09  Roach  
  123  7:11  Overlord  
  123  7:15  Roach x3  
  131  7:17  Overlord  
  131  7:20  Centrifugal Hooks  
  131  7:22  Overlord  
  131  7:26  Zergling x16  
  131  7:29  Zergling x2  
  143  7:30  Zergling x6  
  143  7:34  Zergling x8  
  145  7:39  Zergling x4  
  145  7:43  Drone x2  
  149  7:44  Overlord  
  149  7:45  Zergling x2  
  149  7:46  Ravager x3, Overlord  
  149  7:47  Baneling x8  
  149  7:49  Zergling x4  
  149  7:51  Zergling x12  
  157  7:57  Zergling x2  
  157  7:58  Zergling x2  
  163  8:02  Overlord  
  163  8:04  Zergling x10  
  168  8:07  Baneling x6  
  168  8:09  Viper  
  168  8:10  Adrenal Glands  
  170  8:13  Ravager x3  
  170  8:14  Ravager  
  170  8:15  Zergling x12  
  170  8:17  Queen  
  170  8:19  Zergling x4  
  182  8:32  Zergling x16  
  177  8:38  Baneling x7  
  174  8:41  Viper  
  174  8:43  Zerg Melee Weapons Level 1  
  175  8:50  Zergling x32  
  191  9:00  Drone x4  
  195  9:04  Zerg Ground Armor Level 2  
  195  9:05  Drone  
  195  9:06  Drone  
  195  9:08  Drone x2  
  198  9:13  Overlord  
  198  9:20  Ultralisk Cavern  
  198  9:22  Zergling x4  
  197  9:25  Hatchery  
  197  9:28  Zergling x18  
  186  9:34  Baneling x9  
  186  9:35  Zergling x18  
  195  9:39  Baneling x6  
  195  9:43  Zergling x8  
  199  9:54  Hatchery  
  192  10:02  Zergling x18  
  197  10:09  Viper  
  197  10:12  Zergling x6  
  196  10:14  Chitinous Plating  
  196  10:18  Zergling x14  
  195  10:21  Baneling x3  
  195  10:22  Baneling  
  195  10:23  Baneling x4  
  195  10:26  Zergling x2  
  195  10:27  Zergling x8  
  198  10:39  Baneling x3  
  192  10:50  Burrow  
  192  10:52  Ultralisk  
  190  11:01  Zergling x32, Ultralisk x2  
  197  11:05  Baneling x3  
  197  11:09  Zergling x2, Ultralisk  
  198  11:16  Zergling x2  
  198  11:17  Zergling x6  
  199  11:19  Ravager  
  193  11:33  Anabolic Synthesis  
  193  11:35  Zergling x20  
  189  11:50  Viper x2  
  189  11:52  Zergling x26, Ultralisk  
  199  11:54  Pneumatized Carapace  
  199  11:58  Zergling x2  
  199  11:59  Zergling x10  
  199  12:07  Baneling  
  199  12:08  Baneling x8  
  199  12:09  Baneling x2  
  199  12:12  Spore Crawler  
  199  12:14  Drone x4, Spore Crawler  
  198  12:17  Zergling x4  
  198  12:22  Hatchery  
Tags
 
Add a new tag
Caveats
  • Supply blocks, unpowered buildings, or Contaminate may cause inaccurate times.
  • Supply counts are checked every 10 seconds.